 Dungeon Crawl Stone Soup version 0.20.1-1-g8b1a95d (webtiles) character file.

17819 Hasart the Slicer (level 12, -1/76 HPs)
             Began as a Kobold Assassin on Sept 26, 2017.
             Was an Elder of Trog.
             Slain by an orc warrior
             ... wielding a +2 long sword of electrocution
             ... led by an orc warlord
              (11 damage)
             ... on level 2 of the Orcish Mines.
             The game lasted 00:54:10 (18014 turns).

Hasart the Slicer (Kobold Assassin)                Turns: 18014, Time: 00:54:10

Health: -1/76      AC: 15    Str: 15 (16) XL:     12   Next: 87%
Magic:  0/12       EV: 20    Int: 11 (13) God:    Trog [****..]
Gold:   1253       SH:  9    Dex: 20      Spells: 11/11 levels left

rFire    . . .     SeeInvis .   v - +1 rapier
rCold    . . .     Gourm    .   H - +1 shield {reflect}
rNeg     . . .     Faith    .   c - +4 ring mail
rPois    .         Spirit   +   (no helmet)
rElec    .         Reflect  +   d - +0 cloak
rCorr    .         Harm     .   r - +2 pair of gloves
MR       .....     Clarity  +   (no boots)
Stlth    ++++......             k - amulet of guardian spirit
Regen    0.3/turn               y - +3 ring of evasion
MPRegen  0.2/turn               a - +5 ring of strength

@: heavily drained
A: hooves 1, iridescent scales 1, agile 1, carnivore 3, clarity, deterioration
1, sturdy frame 1
a: Berserk, Trog's Hand, Brothers in Arms, Burn Spellbooks, Renounce Religion


You were on level 2 of the Orcish Mines.
You worshipped Trog.
Trog was greatly pleased with you.
You were full.

You visited 3 branches of the dungeon, and saw 14 of its levels.

You collected 1323 gold pieces.
You spent 70 gold pieces at shops.

Inventory:

Hand Weapons
 b - a +0 blowgun
 v - a +1 rapier (weapon)
 w - a +2 dagger of draining
Missiles
 f - 49 poisoned needles
 j - 8 poisoned tomahawks (quivered)
 G - 6 steel tomahawks
Armour
 c - a +4 ring mail (worn)
 d - a +0 cloak (worn)
 r - a +2 pair of gloves (worn)
 D - a +0 troll leather armour
 H - a +1 shield of reflection (worn)
Jewellery
 a - a +5 ring of strength (right hand)
 k - an amulet of guardian spirit (around neck)
 y - a +3 ring of evasion (left hand)
Wands
 e - a wand of clouds (6/9)
 n - a wand of digging (16/24)
 z - a wand of iceblast (4/15)
Scrolls
 i - 5 scrolls of identify
 q - 5 scrolls of remove curse
 s - 2 scrolls of fear
 t - 5 scrolls of teleportation
 u - 2 scrolls of magic mapping
 x - a scroll of recharging
Potions
 h - 4 potions of curing
 l - 3 potions of heal wounds
 o - a potion of cancellation
 A - a potion of might
 B - a potion of haste
 E - 2 potions of flight
 F - a potion of resistance
Comestibles
 g - 9 meat rations
 C - 6 royal jellies


   Skills:
 + Level 9.3(7.6) Fighting
 * Level 14.8(12.9) Short Blades
 + Level 9.5(7.8) Throwing
 + Level 9.8(8.1) Dodging
 + Level 12.7(10.9) Stealth


You had 11 spell levels left.
You didn't know any spells.

Dungeon Overview and Level Annotations

Branches:
Dungeon (11/15)            Temple (1/1) D:6            Lair (0/6) D:10
    Orc (2/2) D:11            Elf (0/3) Orc:2

Altars:
Ashenzari
Cheibriados
Dithmenos
Elyvilon
Fedhas
Gozag
Hepliaklqana
Kikubaaqudgha
Makhleb
Nemelex Xobeh
Okawaru
Qazlal
Ru
Sif Muna
Trog
Uskayaw
Vehumet
Xom
Yredelemnul
Zin
The Shining One
Beogh

Shops:
Orc:2 *}


Innate Abilities, Weirdness & Mutations

You are small and have problems with some larger weapons.
You are carnivorous and can eat meat at any time.
You have large cloven feet.
You are partially covered in iridescent scales. (AC +2)
You are agile. (Dex +2)
You possess an exceptional clarity of mind.
Your body sometimes deteriorates upon taking damage.
Your movements are slightly less encumbered by armour. (ER -2)


Message History

The orc warrior is lightly wounded.
The orc warrior completely misses you.
You hit the orc warrior but do no damage.
The orc warrior is lightly wounded.
You completely miss the orc warrior.
You kick the orc warrior, but do no damage.
The orc warrior is lightly wounded.
The orc warrior hits you with a long sword of electrocution.
You are electrocuted!
You hit the orc warrior. You kick the orc warrior.
The orc warrior is moderately wounded.
The orc warrior hits you with a long sword of electrocution!
You puncture the orc warrior!
The orc warrior is heavily wounded.
You hit the orc warrior but do no damage.
The orc warrior is heavily wounded.
The orc warrior hits you with a long sword of electrocution!
* * * LOW HITPOINT WARNING * * *
You are electrocuted!
You die...

##.....# #.#..#.####...)#..
#.....########.#..#..###....[).
#......##.##.#.##'#..........)#
#......>.......................
###..........o....).#............
..#..#..#.....##....).......#.#..
..#.###.##....##o#########.####..
..#.#...oo...###o##..#...#..##...
##.o...##.### #@#...#)8)#...#...
##.#....### #.#...))..'..##...
##o.##..## ##.#_.[#####.#.....
o..##....######..#.....8.#.......
o#.#.#......#....#......∩#.......
.................##....8.#......#
....^..#......#..#########......#
..##.##..........................
########......................#.#


You could see an orc warrior and an orc.

Vanquished Creatures
  Donald (Orc:2)
  An orc high priest (Orc:2)
  The ghost of Dirian the Cleaver, a novice MiFi of Qazlal (D:8)
  Pikel (D:7)
  2 orc knights
  An orc sorcerer (Orc:2)
  The ghost of Asgaroth the Slicer, a novice KoGl of Dithmenos (D:5)
  Maurice (Orc:2)
  3 trolls
  Grinder (D:3)
  A hippogriff (D:8)
  A wraith (D:11)
  Eustachio (D:4)
  A human (D:7)
  6 yaks
  2 wyverns
  4 hogs (D:7)
  The ghost of Hasart the Sneak, an amateur KoAs (D:3)
  2 wargs (Orc:1)
  2 water moccasins
  2 porcupines (D:10)
  3 sky beasts
  A slave (D:6)
  25 orc warriors
  3 black bears
  An ice beast (D:8)
  An eye of draining (D:9)
  2 phantoms (D:10)
  6 ogres
  3 centaurs
  3 crocodiles
  3 big kobolds
  8 bullfrogs
  2 gnoll sergeants (D:8)
  6 scorpions
  12 killer bees
  10 wights
  3 howler monkeys (D:8)
  4 electric eels (D:9)
  3 crimson imps
  2 centaur zombies
  A jelly (D:5)
  6 hounds
  A quasit (D:8)
  28 orc priests
  A bullfrog skeleton (D:7)
  A centaur skeleton (D:6)
  3 iguanas
  24 orc wizards
  8 worker ants
  A hound skeleton (D:6)
  A howler monkey skeleton (D:9)
  10 gnolls
  6 adders
  2 shadow imps
  2 oozes
  2 adder skeletons
  2 worms
  2 dart slugs
  5 leopard geckos
  132 orcs
  6 bats
  8 giant cockroaches
  8 goblins
  7 hobgoblins
  9 jackals
  7 quokkas
  2 ball pythons
  17 kobolds
  9 rats
  2 fungi (D:10)
  2 plants
452 creatures vanquished.

Vanquished Creatures (others)
  3 slaves (D:7)
  An iguana (D:7)
  A kobold (D:7)
  6 fungi
  A plant (D:10)
  A withered plant (D:4)
13 creatures vanquished.

Grand Total: 465 creatures vanquished

Notes
Turn   | Place    | Note
-------+----------+-------------------------------------------
     0 | D:1      | Hasart the Kobold Assassin began the quest for the Orb.
     0 | D:1      | Reached XP level 1. HP: 12/12 MP: 1/1
   202 | D:1      | Found a shattered altar of Ashenzari.
   354 | D:1      | Reached XP level 2. HP: 17/17 MP: 2/2
   617 | D:1      | Reached skill level 3 in Short Blades
  1136 | D:2      | Reached XP level 3. HP: 22/22 MP: 1/3
  1190 | D:2      | Found a snail-covered altar of Cheibriados.
  1222 | D:2      | Found an iron altar of Okawaru.
  1679 | D:2      | Found a faded altar of an unknown god.
  1680 | D:2      | Reached XP level 4. HP: 27/27 MP: 4/4
  2063 | D:3      | Reached skill level 4 in Short Blades
  2357 | D:3      | Noticed Hasart's ghost (amateur KoAs)
  2378 | D:3      | Reached XP level 5. HP: 32/32 MP: 5/5
  2419 | D:3      | Killed Hasart's ghost
  2419 | D:3      | Reached skill level 5 in Short Blades
  2419 | D:3      | Reached XP level 6. HP: 15/37 MP: 3/6
  2660 | D:3      | Noticed Grinder
  2667 | D:3      | Killed Grinder
  2667 | D:3      | Reached XP level 7. HP: 42/42 MP: 7/7
  3385 | D:4      | Reached skill level 6 in Short Blades
  3863 | D:4      | Noticed Eustachio
  3888 | D:4      | Killed Eustachio
  4206 | D:4      | Found a glowing silver altar of Zin.
  4285 | D:4      | Found a blossoming altar of Fedhas.
  4285 | D:4      | Found an ancient bone altar of Kikubaaqudgha.
  4393 | D:4      | Reached XP level 8. HP: 26/48 MP: 4/8
  5054 | D:4      | Reached skill level 7 in Short Blades
  5359 | D:5      | Entered Level 5 of the Dungeon
  5603 | D:5      | Gained mutation: You are weak. (Str -2) [potion of mutation]
  5603 | D:5      | Gained mutation: Your magical capacity is low. (-10% MP) [potion of mutation]
  5603 | D:5      | Gained mutation: You expend magic power (3 MP) to strengthen your wands. [potion of mutation]
  5603 | D:5      | Gained mutation: You are resistant to hostile enchantments. (MR+) [potion of mutation]
  5604 | D:5      | Lost mutation: You are resistant to hostile enchantments. (MR+) [potion of mutation]
  5604 | D:5      | Lost mutation: You expend magic power (3 MP) to strengthen your wands. [potion of mutation]
  5604 | D:5      | Lost mutation: You are weak. (Str -2) [potion of mutation]
  5604 | D:5      | Lost mutation: Your magical capacity is low. (-10% MP) [potion of mutation]
  5604 | D:5      | Gained mutation: You are partially covered in iridescent scales. (AC +2) [potion of mutation]
  5604 | D:5      | Gained mutation: Armour fits poorly on your strangely shaped body. [potion of mutation]
  5604 | D:5      | Gained mutation: You possess an exceptional clarity of mind. [potion of mutation]
  5604 | D:5      | Gained mutation: You are agile. (Dex +2) [potion of mutation]
  5605 | D:5      | Lost mutation: Armour fits poorly on your strangely shaped body. [potion of mutation]
  5605 | D:5      | Lost mutation: You are agile. (Dex +2) [potion of mutation]
  5605 | D:5      | Gained mutation: Armour fits poorly on your strangely shaped body. [potion of mutation]
  5605 | D:5      | Gained mutation: Scrolls take you a little longer to read. [potion of mutation]
  5605 | D:5      | Gained mutation: Your magical capacity is low. (-10% MP) [potion of mutation]
  5605 | D:5      | Gained mutation: You are robust. (+10% HP) [potion of mutation]
  5961 | D:5      | Found a hide-covered altar of Uskayaw.
  5961 | D:5      | Found a shimmering altar of Xom.
  6276 | D:5      | Reached skill level 5 in Fighting
  6366 | D:5      | Gained mutation: Your body sometimes deteriorates upon taking damage. [mutagenic meat]
  6367 | D:5      | Gained mutation: Your magical capacity is very low. (-20% MP) [mutagenic meat]
  6497 | D:5      | Reached skill level 8 in Short Blades
  6497 | D:5      | Reached skill level 5 in Throwing
  6699 | D:5      | Noticed Asgaroth's ghost (novice KoGl)
  6738 | D:5      | Killed Asgaroth's ghost
  6738 | D:5      | Reached skill level 5 in Dodging
  6738 | D:5      | Reached XP level 9. HP: 26/59 MP: 2/7
  7368 | D:6      | Found a staircase to the Ecumenical Temple.
  7378 | Temple   | Entered the Ecumenical Temple
  7638 | D:6      | Reached skill level 9 in Short Blades
  8639 | D:7      | Found a sparkling altar of Nemelex Xobeh.
  9362 | D:7      | Noticed Pikel
  9548 | D:7      | Found a snail-covered altar of Cheibriados.
  9572 | D:7      | Killed Pikel
  9572 | D:7      | Reached skill level 10 in Short Blades
  9572 | D:7      | Reached XP level 10. HP: 66/66 MP: 8/8
  9959 | D:7      | Reached skill level 11 in Short Blades
 10290 | D:7      | Found a shadowy altar of Dithmenos.
 10443 | D:8      | Noticed Dirian's ghost (novice MiFi)
 10465 | D:8      | Killed Dirian's ghost
 10465 | D:8      | Reached skill level 10 in Stealth
 11152 | D:8      | Reached skill level 12 in Short Blades
 11159 | D:8      | Reached XP level 11. HP: 72/73 MP: 8/8
 11314 | D:8      | Found a white marble altar of Elyvilon.
 11536 | D:8      | Found a runed door.
 11715 | D:8      | Found a roughly hewn altar of Beogh.
 12134 | D:9      | Lost mutation: Scrolls take you a little longer to read. [potion of mutation]
 12134 | D:9      | Lost mutation: Your magical capacity is very low. (-20% MP) [potion of mutation]
 12134 | D:9      | Lost mutation: Armour fits poorly on your strangely shaped body. [potion of mutation]
 12134 | D:9      | Lost mutation: You are robust. (+10% HP) [potion of mutation]
 12134 | D:9      | Lost mutation: Your magical capacity is low. (-10% MP) [potion of mutation]
 12134 | D:9      | Gained mutation: You are agile. (Dex +2) [potion of mutation]
 12134 | D:9      | Gained mutation: You have large cloven feet. [potion of mutation]
 12134 | D:9      | Gained mutation: Your movements are slightly less encumbered by armour. (ER -2) [potion of mutation]
 12417 | D:9      | Found a bloodstained altar of Trog.
 12420 | D:9      | Became a worshipper of Trog the Wrathful
 12481 | D:9      | Found a radiant altar of Vehumet.
 12507 | D:9      | Reached skill level 13 in Short Blades
 13185 | D:10     | Entered Level 10 of the Dungeon
 13621 | D:10     | Reached * piety under Trog
 13794 | D:10     | Found a staircase to the Lair.
 14720 | D:11     | Found a blossoming altar of Fedhas.
 14767 | D:11     | Reached ** piety under Trog
 14944 | D:11     | Found a staircase to the Orcish Mines.
 15012 | D:11     | Reached XP level 12. HP: 75/75 MP: 12/12
 15035 | Orc:1    | Entered Level 1 of the Orcish Mines
 15431 | Orc:1    | Found a roughly hewn altar of Beogh.
 15439 | Orc:1    | Reached *** piety under Trog
 15594 | Orc:2    | Entered Level 2 of the Orcish Mines
 15926 | Orc:2    | Found a staircase to the Elven Halls.
 15939 | Orc:2    | Found a roughly hewn altar of Beogh.
 15953 | Orc:2    | Noticed Maurice
 15957 | Orc:2    | Noticed Donald
 16015 | Orc:2    | Killed Maurice
 16269 | Orc:2    | Reached skill level 14 in Short Blades
 16314 | Orc:2    | Killed Donald
 16631 | Orc:2    | Found a roughly hewn altar of Beogh.
 16631 | Orc:2    | Found Qiyko's Gadget Emporium.
 16631 | Orc:2    | Noticed an orc high priest
 16690 | Orc:2    | Killed an orc high priest
 16725 | Orc:2    | Reached **** piety under Trog
 16888 | Orc:2    | Found a roughly hewn altar of Beogh.
 17022 | Orc:2    | Found a roughly hewn altar of Beogh.
 17083 | Orc:2    | Found Kuchaate's General Store.
 17088 | Orc:2    | Bought a scroll of identify for 28 gold pieces
 17088 | Orc:2    | Bought a scroll of teleportation for 42 gold pieces
 17251 | Orc:2    | Found a roughly hewn altar of Beogh.
 17342 | Orc:2    | Found a roughly hewn altar of Beogh.
 17372 | Orc:2    | Received a gift from Trog
 17509 | Orc:2    | Noticed an orc warlord
 17848 | Orc:2    | Paralysed by an orc sorcerer for 5 turns
 17855 | Orc:2    | Paralysed by an orc sorcerer for 7 turns
 18014 | Orc:2    | Slain by an orc warrior

Skill      XL: |  1  2  3  4  5  6  7  8  9 10 11 12 |
---------------+-------------------------------------+-----
Short Blades   | 3 4 5 6 8 10 12 13 14 | 14.8
Dodging        | 2 3 4 5 6 7 8 9 |  9.8
Fighting       | 3 4 5 6 7 8 9 |  9.3
Stealth        | 6 7 8 9 10 11 12 | 12.7
Throwing       | 3 4 5 6 7 8 9 |  9.5

Action                   |  1- 3 |  4- 6 |  7- 9 | 10-12 || total
-------------------------+-------+-------+-------+-------++-------
Melee: Dagger            |    96 |    83 |   408 |   682 ||  1269
       Rapier            |       |       |   298 |   869 ||  1167
       Kick              |       |       |       |   332 ||   332
 Fire: Blowgun           |       |       |    43 |    42 ||    85
Invok: Berserk           |       |       |       |    11 ||    11
       Trog's Hand       |       |       |       |     1 ||     1
  Use: Scroll            |       |       |     7 |     5 ||    12
       Potion            |       |       |    12 |     6 ||    18
 Stab: Sleeping          |     7 |     9 |     9 |    31 ||    56
       Distracted        |     1 |       |     2 |     2 ||     5
  Eat: Chunk             |     8 |     3 |    19 |    47 ||    77
Armor: Robe              |    12 |    15 |     5 |       ||    32
       Ring mail         |       |       |   110 |   203 ||   313
       Leather armour    |       |       |    16 |       ||    16
       Skin              |       |       |    13 |       ||    13
Dodge: Dodged            |    77 |    46 |   352 |   765 ||  1240
Block: Buckler           |       |       |    17 |   169 ||   186
       Shield            |       |       |       |    72 ||    72
       Reflection        |       |       |       |     3 ||     3
